 Dungeon Crawl Stone Soup version 0.30-b1-2-g02819fbbbe (webtiles) character file.

Game seed: 16627230672767337251

1799893 emiel the Wrestler (level 25, 222/222 HPs)
             Began as a Demonspawn Fighter on Jan 5, 2024.
             Was a High Priest of Okawaru.
             Escaped with the Orb
             ... and 3 runes on Jan 8, 2024!
             The game lasted 01:32:15 (58069 turns).

emiel the Wrestler (Demonspawn Fighter)            Turns: 58069, Time: 01:32:16

Health: 222/222    AC: 38    Str: 26    XL:     25   Next: 64%
Magic:  28/30      EV: 14    Int:  9    God:    Okawaru [*****.]
Gold:   5514       SH:  0    Dex: 17    Spells: 23/24 levels left

rFire   + +          +
                       - Unarmed
rCold   + . .        (no shield)
rNeg    + + +        L - +10 gold dragon scales
rPois   +            Z - +2 hat of the Bear Spirit {Spirit, Bear, *Rage Will++}
rElec   +            X - scarf "Uzutun" {+Inv, rN++ rCorr Str+3 Stlth+}
rCorr   +            (gloves unavailable)
SInv    .            R - +0 pair of boots "Eturghott" {rElec Will+ Regen+ Str-3}
Will    ++++.        x - amulet "Kehom" {Acrobat rF+ Regen+} Stlth
                     Q - ring "Hybbou" {Drain rElec rF+ rN+ Slay+3}
HPRegen 2.17/turn    g - ring of the Solemn Grape {Str+3 Slay+4}
MPRegen 0.22/turn

%: acrobat, clarity, guardian spirit
@: studying Staves
A: rugged brown scales 3, ignite blood 3, spiny 3, black mark, bedeviling,
demonic touch 3, antennae 1, clarity, dopey 1, mutation resistance 1
0: Orb of Zot
}: 3/15 runes: serpentine, barnacled, silver
a: Renounce Religion, Evoke Invisibility, Heroism, Finesse, Duel


You escaped.
You worshipped Okawaru.
Okawaru was extremely pleased with you.
You visited 10 branches of the dungeon, and saw 48 of its levels.
You visited the Abyss 1 time.
You visited 2 bazaars.
You visited 1 ziggurat, and saw 4 of its levels.
You also visited: Sewer, Ice Cave, Volcano and Desolation.

You collected 8290 gold pieces.
You spent 2776 gold pieces at shops.

Inventory:

Missiles
 s - 6 throwing nets
 D - 11 javelins (quivered)
 N - 12 curare-tipped darts
 P - 14 silver javelins
Armour
 z - the +1 cloak "Figeck" {Int+3 SInv}
   (You found it on level 3 of the Elven Halls)

   Int:       It affects your intelligence (+3).
   SInv:      It lets you see invisible.
 L - +10 gold dragon scales (worn)
 R - the +0 pair of boots "Eturghott" (worn) {rElec Will+ Regen+ Str-3}
   (You acquired it on level 3 of the Lair of Beasts)

   Str:       It affects your strength (-3).
   rElec:     It insulates you from electricity.
   Regen:     It increases your rate of health regeneration.
   Will:      It increases your willpower.
 X - the scarf "Uzutun" (worn) {+Inv, rN++ rCorr Str+3 Stlth+}
   (Okawaru gifted it to you on level 2 of the Realm of Zot)

   Str:       It affects your strength (+3).
   rN:        It greatly protects you from negative energy.
   rCorr:     It protects you from acid and corrosion.
   Stlth:     It makes you more stealthy.
 Z - the +2 hat of the Bear Spirit (worn) {Spirit, Bear, *Rage Will++}
   (You found it on level 5 of the Vaults)

   Bear:      Going berserk makes the wearer exceptionally tough, and they are
   slowed for a shorter time afterward.
   *Rage:     It berserks you when you make melee attacks (+20% chance).
   Will:      It greatly increases your willpower.
Jewellery
 g - the ring of the Solemn Grape (right hand) {Str+3 Slay+4}
   (You found it in the Desolation of Salt)

   [ring of slaying]

   Str:       It affects your strength (+3).
   Slay:      It affects your accuracy & damage with ranged weapons and melee
   (+4).
 i - a ring of poison resistance
 p - a ring of positive energy
 t - an amulet of reflection
 x - the amulet "Kehom" (around neck) {Acrobat rF+ Regen+}
   (You took it off a deep elf pyromancer on level 3 of the Elven Halls)

   [amulet of the acrobat]

   It increases your evasion while moving and waiting.
   rF:        It protects you from fire.
   Regen:     It increases your rate of health regeneration.
 J - a ring of see invisible
 O - a ring of flight
 Q - the ring "Hybbou" (left hand) {Drain rElec rF+ rN+ Slay+3}
   (You took it off a deep elf annihilator on level 5 of the Vaults)

   [ring of positive energy]

   Slay:      It affects your accuracy & damage with ranged weapons and melee
   (+3).
   rF:        It protects you from fire.
   rElec:     It insulates you from electricity.
   rN:        It protects you from negative energy.
   Drain:     It drains your maximum health when unequipped.
 S - a ring of resist corrosion
 U - a ring of protection from cold
Wands
 b - a wand of mindburst (24)
 u - a wand of polymorph (20)
 C - a wand of acid (26)
 V - a wand of roots (46)
 W - a wand of flame (65)
Scrolls
 a - 3 scrolls of magic mapping
 e - 8 scrolls of torment
 j - 9 scrolls of blinking
 m - 11 scrolls of vulnerability
 o - 8 scrolls of immolation
 q - 12 scrolls of fog
 r - 11 scrolls of fear
 y - 10 scrolls of noise
 F - 17 scrolls of teleportation
 H - 13 scrolls of amnesia
 M - 2 scrolls of summoning
Potions
 c - 9 potions of berserk rage
 d - 12 potions of might
 f - 31 potions of curing
 h - 11 potions of brilliance
 k - 9 potions of heal wounds
 l - 6 potions of invisibility
 n - 5 potions of magic
 w - 7 potions of lignification
 A - 8 potions of haste
 B - 16 potions of attraction
 E - 14 potions of mutation
 G - 10 potions of degeneration
 K - 3 potions of cancellation
 T - 7 potions of resistance
 Y - 2 potions of ambrosia
Miscellaneous
 v - a lightning rod (4/4)


   Skills:
 - Level 19.5 Fighting
 - Level 2.6 Polearms
 - Level 17.7 Throwing
 - Level 18.0 Armour
 - Level 17.7 Dodging
 - Level 2.6 Shields
 - Level 22.0 Unarmed Combat
 + Level 4.6 Translocations
 - Level 10.0 Invocations
 - Level 14.0 Evocations


You had 23 spell levels left.
You knew the following spells:

 Your Spells              Type           Power      Damage    Failure   Level
a - Apportation           Tloc           16%        N/A       71%         1

Your spell library contained the following spells:

 Spells                   Type           Power      Damage    Failure   Level
 Blink                    Tloc           16%        N/A       85%         2
 Lesser Beckoning         Tloc           16%        N/A       85%         2
 Teleport Other           Tloc           8%         N/A       97%         3
 Momentum Strike          Conj/Tloc      8%         3d8       99%         2
 Beastly Appendage        Tmut           0%         N/A       100%        1
 Foxfire                  Conj/Fire      0%         2x1d4     100%        1
 Freeze                   Ice            0%         1d3       100%        1
 Kiss of Death            Conj/Necr      0%         2d5       100%        1
 Magic Dart               Conj           0%         1d3       100%        1
 Necrotise                Necr           0%         1d4       100%        1
 Sandblast                Erth           0%         2d4       100%        1
 Shock                    Conj/Air       0%         1d3       100%        1
 Slow                     Hex            0%         N/A       100%        1
 Ensorcelled Hibernation  Hex/Ice        0%         N/A       100%        2
 Passwall                 Tmut/Erth      0%         N/A       100%        2
 Static Discharge         Conj/Air       0%         2-2/arc   100%        2
 Wereblood                Tmut           0%         N/A       100%        2
 Confusing Touch          Hex            0%         N/A       100%        3
 Frozen Ramparts          Ice            0%         1d1       100%        3
 Hailstorm                Conj/Ice       0%         3d3       100%        3
 Inner Flame              Hex/Fire       0%         N/A       100%        3
 Mephitic Cloud           Conj/Pois/Air  0%         N/A       100%        3
 Portal Projectile        Hex/Tloc       12%        N/A       100%        3
 Spider Form              Tmut/Pois      0%         N/A       100%        3
 Stone Arrow              Conj/Erth      0%         3d7       100%        3
 Swiftness                Air            0%         N/A       100%        3
 Vampiric Draining        Necr           0%         2d6       100%        3
 Vhi's Electric Charge    Tloc/Air       8%         N/A       100%        3
 Airstrike                Air            0%         2d(0-16)  100%        4
 Anguish                  Hex/Necr       0%         N/A       100%        4
 Cause Fear               Hex            0%         N/A       100%        4
 Dispel Undead            Necr           0%         3d6       100%        4
 Flame Wave               Conj/Fire      0%         2d4       100%        4
 Ice Form                 Ice/Tmut       0%         N/A       100%        4
 Leda's Liquefaction      Hex/Erth       0%         N/A       100%        4
 Manifold Assault         Tloc           8%         N/A       100%        4
 Passage of Golubria      Tloc           8%         N/A       100%        4
 Petrify                  Tmut/Erth      0%         N/A       100%        4
 Sticky Flame             Conj/Fire      0%         2d3       100%        4
 Alistair's Intoxication  Tmut/Pois      0%         N/A       100%        5
 Arcjolt                  Conj/Air       0%         1d10      100%        5
 Blade Hands              Tmut           0%         N/A       100%        5
 Borgnjor's Vile Clutch   Necr/Erth      0%         N/A       100%        5
 Fireball                 Conj/Fire      0%         3d3       100%        5
 Freezing Cloud           Conj/Ice/Air   0%         6-21      100%        5
 Irradiate                Conj/Tmut      0%         3d11      100%        5
 Iskenderun's Battlesphe  Conj           0%         2d6       100%        5
 Lee's Rapid Deconstruct  Erth           0%         3d4*      100%        5
 Metabolic Englaciation   Hex/Ice        0%         N/A       100%        5
 Silence                  Hex/Air        0%         N/A       100%        5
 Yara's Violent Unravell  Hex/Tmut       0%         3d3       100%        5
 Conjure Ball Lightning   Conj/Air       0%         3x3d6     100%        6
 Dispersal                Tloc           4%         N/A       100%        6
 Eringya's Noxious Bog    Tmut/Pois      0%         N/A       100%        6
 Plasma Beam              Fire/Air       0%         2x1d11    100%        6
 Starburst                Conj/Fire      0%         6d3       100%        6
 Statue Form              Tmut/Erth      0%         N/A       100%        6
 Dragon Form              Tmut           0%         N/A       100%        7
 Enfeeble                 Hex            0%         N/A       100%        7
 Orb of Destruction       Conj           0%         9d5       100%        7
 Storm Form               Tmut/Air       0%         N/A       100%        7
 Discord                  Hex            0%         N/A       100%        8
 Disjunction              Tloc           4%         N/A       100%        8
 Lehudib's Crystal Spear  Conj/Erth      0%         10d2      100%        8
 Maxwell's Capacitive Co  Air            0%         ∞         100%        8
 Chain Lightning          Conj/Air       0%         N/A       100%        9
 Summon Small Mammal      Summ           Unusable   N/A       N/A         1
 Call Imp                 Summ           Unusable   N/A       N/A         2
 Summon Guardian Golem    Hex/Summ       Unusable   N/A       N/A         3
 Tukima's Dance           Hex            Unusable   N/A       N/A         3
 Summon Ice Beast         Ice/Summ       Unusable   N/A       N/A         4
 Summon Lightning Spire   Summ/Air       Unusable   N/A       N/A         4
 Summon Forest            Summ/Tloc      Unusable   N/A       N/A         5
 Summon Mana Viper        Hex/Summ       Unusable   N/A       N/A         5
 Malign Gateway           Summ/Tloc      Unusable   N/A       N/A         7
 Summon Hydra             Summ           Unusable   N/A       N/A         7
 Dragon's Call            Summ           Unusable   N/A       N/A         9

Dungeon Overview and Level Annotations

Branches:
Dungeon (15/15)            Temple (1/1) D:4            Lair (5/5) D:8
 Shoals (4/4) Lair:2        Snake (4/4) Lair:2        Slime (0/5) Lair:5
    Orc (2/2) D:10            Elf (3/3) Orc:2        Vaults (5/5) D:13
  Crypt (0/3) Vaults:2     Depths (4/4) D:15            Zot (5/5) Depths:4
  Sewer (visited)           IceCv (visited)         Volcano (visited)
Desolation (visited)

Altars:
Cheibriados
Dithmenos
Fedhas
Gozag
Hepliaklqana
Kikubaaqudgha
Makhleb
Nemelex Xobeh
Okawaru
Qazlal
Ru
Sif Muna
Trog
Uskayaw
Vehumet
Wu Jian
Xom
Yredelemnul
Jiyva
Lugonu

Shops:
D:5 ?   D:9 ?[   Orc:1 [   Orc:2 *(**   Elf:1 *=   Snake:1 =   Snake:3 *:[[
Snake:4 ?   Vaults:2 (

Portals:
Hell: Depths:1 Depths:2 Depths:3 Depths:4
Abyss: Lair:5 Depths:2 Depths:3
Pandemonium: Depths:2 Depths:4

Annotations:
D:6 1 runed translucent door
D:8 exclusion: door
Lair:4 1 runed translucent door
Shoals:1 3 runed translucent doors, raph's ghost, adept GrEE
Elf:2 5 runed translucent doors
Depths:3 2 transporters
Zot:1 3 runed translucent doors, Mikey69's ghost, legendary DsBe
Zot:5 4 exclusions


Innate Abilities, Weirdness & Mutations

You are completely covered in rugged brown scales. (AC +3, +7% HP)
Your demonic aura causes all spilled blood to erupt in flames.
You are completely covered in sharp spines.
Your melee attacks may debilitate your foes.
Your hexes are more powerful.
Your touch may irresistibly damage your foes and sap their willpower.
You have a pair of small antennae on your head.
You possess an exceptional clarity of mind.
You are dopey. (Int -2)
You are somewhat resistant to further mutation.


Message History

Aim: a Brimstone Fiend (moderately wounded, 85% to hit)
You throw a javelin.
The javelin pierces through the Brimstone Fiend!!
The Brimstone Fiend is heavily wounded.
Throw: 14 javelins
Press: ? - help, Q - select action, (/) - cycle Shift-Dir - straight line, f/p - Brimstone Fiend
Aim: a Brimstone Fiend (heavily wounded, 85% to hit)
You throw a javelin.
The javelin pierces through the Brimstone Fiend!!
The Brimstone Fiend is severely wounded.
The Brimstone Fiend calls on the powers of darkness!
Your body is wracked with pain!
Throw: 13 javelins
Press: ? - help, Q - select action, (/) - cycle Shift-Dir - straight line, f/p - Brimstone Fiend
Aim: a Brimstone Fiend (severely wounded, 85% to hit)
You throw a javelin.
The javelin pierces through the Brimstone Fiend but does no damage.
The Brimstone Fiend is severely wounded.
Throw: 12 javelins
Press: ? - help, Q - select action, (/) - cycle Shift-Dir - straight line, f/p - Brimstone Fiend
Aim: a Brimstone Fiend (severely wounded, 85% to hit)
You throw a javelin.
The javelin pierces through the Brimstone Fiend!!!
You kill the Brimstone Fiend!
Okawaru accepts your kill.
Aiming: Dig
Press: ? - help, Shift-Dir - straight line A rock wall.
This square is covered in magical glow.
The rock shatters into small pieces.
The now-empty wand crumbles to dust.
(D) Dungeon (T) Temple (L) Lair (A) Shoals (P) Snake Pit (M) Slime Pits (O) Orcish Mines (E) Elven Halls (V) Vaults (C) Crypt (U) Depths (H) Hell (Z) Zot
Where to? (Enter - D:1 @ (x,y), ? - help)
Okay, then.
There is a staircase leading out of the dungeon here.
You start resting.
HP restored.
You have escaped!

...##......#........#.#####...###
...##########.......#............
...# ########.......#.##.##......
...###......#.≈≈....#............
..........###.≈≈....#.##.##.(....
..)###..#.# #......##.##...÷.....
.#.###..#.# #.####.##.####.......
.#......#.###.#....##............
............###.@.###.[..........
.............##...# #............
.#.....#####.###### #............
.##........#.# #.....#>.....
.##........#.# #.....#......
.##........#.# #.....#......
.###.##....#.# #.......#####
......'....#.# #.....#.# ###
.#.#.##....#.# #.....#.# #..


There were no monsters in sight!

Vanquished Creatures
  A dread lich (Vaults:4)
  2 ancient liches (Zot:5)
  3 orbs of fire
  Tiamat (Zot:5)
  Vv (Depths:4)
  3 Killer Klowns
  8 golden dragons
  2 bone dragons
  A Brimstone Fiend (D:1)
  3 hellephants (Depths:1)
  4 electric golems
  15 tentacled monstrosities
  Jorgrun (Shoals:1)
  Zenata (Vaults:1)
  An Ice Fiend (D:15)
  22 Orb Guardians (Zot:5)
  3 liches
  2 deep elf master archers
  A walking divine tome (Depths:3)
  2 titans (Vaults:4)
  7 quicksilver dragons
  2 deep elf blademasters (Elf:3)
  13 sphinxes
  Kirke (D:15)
  Polyphemus (Shoals:2)
  4 tentacled starspawn (Abyss:3)
  5 tengu reavers
  4 shadow dragons
  10 death cobs
  An azure jelly (IceCv)
  12 fire giants
  5 nagarajas
  12 storm dragons
  4 draconian monks
  8 frost giants
  2 iron dragons
  Ilsuiw (Shoals:2)
  8 deep elf sorcerers
  Aizul (Snake:1)
  4 ghost moths
  2 draconian knights
  Louise (Shoals:2)
  3 draconian scorchers
  2 imperial myrmidons (Desolation)
  24 vault wardens
  2 spectral caustic shrikes (Depths:2)
  A balrug (D:7)
  4 draconian stormcallers
  9 draconian annihilators
  4 draconian shifters
  5 deep elf elementalists (Elf:3)
  A cacodemon (D:7)
  An orc warlord (Vaults:3)
  A spriggan defender (Depths:4)
  A reaper (Abyss:3)
  2 quicksilver oozes (IceCv)
  16 stone giants
  9 ironbound thunderhulks
  11 very ugly things
  17 ironbound preservers
  3 war gargoyles
  4 green draconians
  8 deep elf demonologists
  2 vampire knights
  5 yellow draconians
  A minotaur (Shoals:4)
  14 dire elephants
  16 red draconians
  4 purple draconians
  12 black draconians
  8 deep elf annihilators
  8 white draconians
  4 spark wasps (Depths:3)
  Snorg (D:12)
  5 crystal guardians
  2 deep elf death magi (Elf:3)
  8 ettins
  2 merfolk javelineers
  5 merfolk impalers
  7 fire dragons
  Josephine (D:10)
  18 yaktaur captains
  5 deep elf high priests
  An entropy weaver (Vaults:4)
  2 ragged hierophants (Desolation)
  29 vault guards
  4 rakshasas
  9 peacekeepers
  6 great orbs of eyes
  5 ice dragons
  4 servants of whispers (Desolation)
  3 hydras
  An ogre mage (Vaults:5)
  A spriggan air mage (Depths:2)
  2 alligator snapping turtles (Shoals:4)
  5 ironbound frosthearts
  15 centaur warriors
  A death knight (D:13)
  A two-headed ogre (shapeshifter) (Depths:2)
  7 two-headed ogres
  A merfolk avatar (Shoals:4)
  4 boulder beetles
  A merfolk aquamancer (Zig:1)
  2 catoblepae
  3 death yaks
  8 anacondas
  13 naga warriors
  4 tengu warriors
  8 hell hogs (Depths:1)
  5 deep troll shamans
  7 satyrs (Shoals:4)
  5 deep troll earth magi
  An orc high priest (Elf:2)
  5 thrashing horrors (Abyss:3)
  13 shock serpents
  16 dancing weapons
  11 naga sharpshooters
  19 hell knights
  3 sun demons
  17 deep elf knights
  A wretched star (Abyss:3)
  2 skysharks
  A spriggan berserker (Depths:1)
  Sonja (Lair:1)
  5 salamander mystics
  4 iron trolls
  2 sixfirhies (D:7)
  A spatial maelstrom (Abyss:3)
  A spectral anaconda (Lair:5)
  5 sea snakes
  2 glowing orange brains
  A shadow demon (Depths:2)
  8 naga ritualists
  16 deep elf archers
  8 wizards
  A flayed ghost (Depths:4)
  25 ironbound convokers
  17 deep elf pyromancers
  16 necromancers
  A sphinx zombie (Vaults:3)
  An obsidian statue (Lair:5)
  19 deep elf zephyrmancers
  45 deep trolls
  18 harpies
  10 orc knights
  7 phantasmal warriors
  12 lindwurms
  26 ugly things
  16 mana vipers
  A moth of wrath (shapeshifter) (Abyss:3)
  2 orc sorcerers
  17 manticores
  18 elephants
  A cyclops (shapeshifter) (D:14)
  18 salamanders
  A will-o-the-wisp (Abyss:3)
  16 fauns
  4 large abominations (Abyss:3)
  6 cyclopes
  25 moths of wrath
  7 merfolk sirens
  A human skeleton (Vaults:3)
  2 smoke demons
  20 black mambas
  A fire giant skeleton (Vaults:3)
  Joseph (Lair:1)
  19 vault sentinels
  3 gargoyles
  10 guardian serpents
  19 naga magi
  7 water nymphs
  2 rust devils (Depths:2)
  4 cane toads (Lair:5)
  2 ice statues
  7 molten gargoyles
  An unseen horror (D:11)
  6 rime drakes
  A torpor snail (Lair:5)
  7 ice devils
  A dire elephant skeleton (Lair:5)
  A kobold demonologist (D:12)
  5 orange demons
  A tengu conjurer (Depths:3)
  An efreet (D:7)
  2 tormentors
  5 komodo dragons
  5 freezing wraiths
  51 yaktaurs
  An ancient zyme (Abyss:3)
  2 red devils
  8 wind drakes
  6 trolls
  22 merfolk
  2 hellwings
  6 polar bears
  2 hornets (Depths:4)
  3 meliai (D:13)
  A shadow dragon simulacrum (Vaults:4)
  A tarantella (shapeshifter) (Vaults:4)
  20 blink frogs
  36 saltlings (Desolation)
  A blink frog (shapeshifter) (Vaults:5)
  11 dream sheep
  A snapping turtle (shapeshifter) (Depths:1)
  A spectral elephant (Lair:5)
  A culicivora (shapeshifter) (Depths:3)
  11 snapping turtles
  51 slime creatures
  2 centaur simulacra (D:12)
  3 human simulacra (Vaults:3)
  3 air elementals (Elf:1)
  2 shadows
  16 water elementals
  8 wyverns
  A spriggan (shapeshifter) (Vaults:4)
  A ynoxinul (Depths:2)
  An elf skeleton (Vaults:4)
  6 basilisks
  2 spriggans (Depths:4)
  44 yaks
  3 fire bats (Lair:4)
  12 wraiths
  5 fire elementals
  A basilisk (shapeshifter) (Vaults:4)
  An unseen horror simulacrum (D:10)
  A human (D:15)
  A redback (shapeshifter) (Vaults:5)
  2 steam dragons
  4 vampire mosquitoes (D:13)
  A neqoxec (Depths:4)
  5 hogs (D:15)
  A spectral cane toad (Lair:5)
  4 wargs
  A swamp worm (shapeshifter) (Elf:1)
  36 nagas
  13 water moccasins
  A floating eye (Depths:3)
  6 black bears
  4 swamp drakes (Depths:2)
  33 orc warriors
  2 elephant zombies (Lair:5)
  3 ice beasts
  An ogre skeleton (Vaults:4)
  A sky beast (D:6)
  2 great orb of eyes simulacra (IceCv)
  8 ogres
  4 boggarts (Vaults:3)
  9 wolves
  29 centaurs
  2 phantoms
  2 slime creature simulacra (IceCv)
  13 bullfrogs
  2 kobold brigands
  4 earth elementals
  2 gnoll sergeants
  2 scorpions
  4 glowing shapeshifter simulacra (IceCv)
  2 small abominations (Abyss:3)
  12 wights
  An elephant simulacrum (Lair:5)
  4 electric eels
  A howler monkey (D:9)
  A crimson imp (D:6)
  5 lava snakes (Lair:4)
  4 jellies
  Crazy Yiuf (D:6)
  2 gnoll boudas
  5 hounds
  12 orc priests
  An iron imp (Abyss:3)
  4 sleepcaps
  Natasha (thrice) (D:3)
  2 iguanas (D:5)
  12 orc wizards
  A lightning spire (Zot:3)
  2 shapeshifter simulacra (IceCv)
  Robin (D:4)
  19 gnolls
  6 adders
  9 white imps
  12 ufetubi
  A worm (D:5)
  2 dart slugs
  72 orcs
  6 endoplasms
  10 giant cockroaches
  14 goblins
  7 hobgoblins
  8 jackals
  7 quokkas
  12 ball pythons
  8 bats
  4 frilled lizards
  18 kobolds
  7 rats
  A lurking horror (Lair:5)
  4 starspawn tentacles (Abyss:3)
2060 creatures vanquished.

Vanquished Creatures (others)
  A fire dragon (Depths:4)
  A merfolk aquamancer (Shoals:4)
  A deep elf zephyrmancer (Elf:1)
  A tengu conjurer (Depths:1)
  A polar bear (D:12)
  A hog (D:15)
  A naga (Snake:4)
  An ufetubus (D:10)
  2 foxfires (Abyss:3)
  17 fungi
  A lurking horror (Lair:5)
  93 plants
  8 starspawn tentacles (Abyss:3)
  36 withered plants
165 creatures vanquished.

Grand Total: 2225 creatures vanquished

Notes
Turn   | Place    | Note
-------+----------+-------------------------------------------
     0 | D:1      | emiel the Demonspawn Fighter began the quest for the Orb.
     0 | D:1      | Reached XP level 1. HP: 18/18 MP: 1/1
   277 | D:1      | Gained mutation: Your touch may inflict minor irresistible
                  | damage on your foes. [demonic ancestry]
   277 | D:1      | Reached XP level 2. HP: 24/24 MP: 2/2
   344 | D:1      | Found a faded altar of an unknown god.
   574 | D:1      | Reached skill level 1 in Unarmed Combat
   787 | D:2      | Gained mutation: Your demonic aura sometimes causes spilled
                  | blood to erupt in flames. [demonic ancestry]
   787 | D:2      | Reached XP level 3. HP: 29/29 MP: 3/3
   973 | D:2      | Reached skill level 2 in Unarmed Combat
  1400 | D:3      | Gained mutation: You are partially covered in rugged brown
                  | scales. (AC +1, +3% HP) [demonic ancestry]
  1400 | D:3      | Reached XP level 4. HP: 29/36 MP: 4/4
  1578 | D:3      | Reached skill level 3 in Unarmed Combat
  1860 | D:3      | Noticed Natasha
  1866 | D:3      | Killed Natasha
  1941 | D:3      | Noticed Natasha
  1951 | D:3      | Killed Natasha
  1952 | D:3      | Gained mutation: Your demonic aura often causes spilled
                  | blood to erupt in flames. [demonic ancestry]
  1952 | D:3      | Reached XP level 5. HP: 22/42 MP: 5/5
  2058 | D:3      | Reached skill level 4 in Unarmed Combat
  2122 | D:3      | Noticed Natasha
  2132 | D:3      | Killed Natasha
  2193 | D:3      | Noticed a phantom
  2215 | D:3      | Killed a phantom
  2216 | D:3      | Reached skill level 5 in Unarmed Combat
  2216 | D:3      | Gained mutation: You are mostly covered in rugged brown
                  | scales. (AC +2, +5% HP) [demonic ancestry]
  2216 | D:3      | Reached XP level 6. HP: 28/49 MP: 6/6
  2689 | D:4      | Found a staircase to the Ecumenical Temple.
  2747 | D:4      | Found a glowing drain.
  2777 | Sewer    | Entered a sewer
  2840 | Sewer    | Noticed a water moccasin
  2846 | Sewer    | Killed a water moccasin
  2847 | Sewer    | Reached skill level 6 in Unarmed Combat
  3115 | D:4      | Reached XP level 7. HP: 30/54 MP: 7/7
  3207 | Temple   | Entered the Ecumenical Temple
  3220 | Temple   | Became a worshipper of Warmaster Okawaru
  3410 | D:4      | Noticed Robin
  3420 | D:4      | Killed Robin
  3709 | D:4      | Found a burning altar of Makhleb.
  4119 | D:5      | Entered Level 5 of the Dungeon
  4151 | D:5      | You fall into a shaft and drop 1 floor!
  4273 | D:6      | Reached skill level 7 in Unarmed Combat
  4406 | D:6      | Reached * piety under Okawaru
  4443 | D:6      | Reached skill level 8 in Unarmed Combat
  4535 | D:5      | Gained mutation: Your touch may inflict irresistible damage
                  | on your foes. [demonic ancestry]
  4535 | D:5      | Reached XP level 8. HP: 49/60 MP: 8/8
  4791 | D:5      | Found Doivorhuts's Magic Scroll Shoppe.
  4803 | D:5      | Bought a scroll of teleportation for 45 gold pieces
  4803 | D:5      | Bought a scroll of identify for 30 gold pieces
  4803 | D:5      | Bought a scroll of enchant armour for 112 gold pieces
  4886 | D:5      | Found a blossoming altar of Fedhas.
  5337 | D:6      | Reached skill level 9 in Unarmed Combat
  5623 | D:6      | Found a runed translucent door.
  5625 | D:6      | Found a basalt altar of Yredelemnul.
  5662 | D:6      | Found a snail-covered altar of Cheibriados.
  5669 | D:6      | Reached ** piety under Okawaru
  5723 | D:6      | Reached skill level 10 in Unarmed Combat
  5856 | D:7      | Reached skill level 1 in Invocations
  6002 | D:7      | Reached skill level 1 in Throwing
  6002 | D:7      | Reached skill level 1 in Evocations
  6005 | D:7      | Reached skill level 1 in Dodging
  6005 | D:7      | Reached XP level 9. HP: 52/67 MP: 8/10
  6255 | D:6      | Found a runed translucent door.
  6258 | D:6      | Noticed Crazy Yiuf
  6306 | D:6      | Killed Crazy Yiuf
  6968 | D:8      | Found a shimmering blue altar of Sif Muna.
  7175 | D:8      | Noticed an elephant
  7176 | D:8      | Found a staircase to the Lair.
  7197 | D:8      | Killed an elephant
  7197 | D:8      | Reached *** piety under Okawaru
  7206 | D:8      | Received a gift from Okawaru
  7791 | D:8      | Found an ancient bone altar of Kikubaaqudgha.
  7846 | D:8      | Gained mutation: You are completely covered in rugged brown
                  | scales. (AC +3, +7% HP) [demonic ancestry]
  7846 | D:8      | Reached XP level 10. HP: 68/78 MP: 13/13
  8004 | Lair:1   | Entered Level 1 of the Lair of Beasts
  8067 | Lair:1   | Received a gift from Okawaru
  8226 | Lair:1   | Noticed Joseph
  8237 | Lair:1   | Killed Joseph
  8341 | Lair:1   | Reached skill level 5 in Fighting
  8341 | Lair:1   | Reached skill level 5 in Invocations
  8597 | Lair:1   | Noticed Sonja
  8599 | Lair:1   | Killed Sonja
  8721 | Lair:1   | Received a gift from Okawaru
  9209 | Lair:2   | Found a staircase to the Shoals.
  9219 | Lair:2   | Reached skill level 5 in Armour
  9268 | Lair:2   | Noticed an elephant
  9273 | Lair:2   | Noticed an elephant
  9273 | Lair:2   | Noticed an elephant
  9274 | Lair:2   | Noticed an elephant
  9274 | Lair:2   | Noticed an elephant
  9277 | Lair:2   | Noticed an elephant
  9277 | Lair:2   | Killed an elephant
  9296 | Lair:2   | Killed an elephant
  9296 | Lair:2   | Reached **** piety under Okawaru
  9299 | Lair:2   | Killed an elephant
  9462 | Lair:2   | Identified the +0 robe of the Rambutan {Will++ Stlth-
                  | Archmagi}
  9541 | Lair:2   | Killed an elephant
  9550 | Lair:2   | Killed an elephant
  9555 | Lair:2   | Killed an elephant
  9556 | Lair:2   | Reached skill level 5 in Evocations
  9556 | Lair:2   | Gained mutation: You are partially covered in sharp spines.
                  | [demonic ancestry]
  9556 | Lair:2   | Reached XP level 11. HP: 56/86 MP: 15/15
  9676 | Lair:2   | Found a staircase to the Snake Pit.
 10046 | Lair:3   | Noticed a six-headed hydra
 10056 | Lair:3   | Killed a six-headed hydra
 10056 | Lair:3   | Received a gift from Okawaru
 10057 | Lair:3   | Reached skill level 5 in Throwing
 10057 | Lair:3   | Reached skill level 5 in Dodging
 10180 | Lair:3   | Noticed a catoblepas
 10194 | Lair:3   | Killed a catoblepas
 10194 | Lair:3   | Reached ***** piety under Okawaru
 10552 | Lair:3   | Identified a scroll of acquirement
 10552 | Lair:3   | Acquired the +0 pair of boots "Eturghott" {rElec Will+
                  | Regen+ Str-3}
 10822 | Lair:3   | Received a gift from Okawaru
 11361 | Lair:4   | Reached XP level 12. HP: 68/98 MP: 16/16
 11387 | Lair:4   | Found a dark tunnel.
 11396 | Volcano  | Entered a volcano
 11669 | Volcano  | Noticed an orb of fire
 11947 | Volcano  | Noticed an orb of fire
 12223 | Lair:4   | Identified the +8 glaive of Cevueth {speed, Dex+6} (Okawaru
                  | gifted it to you on level 4 of the Lair of Beasts)
 12223 | Lair:4   | Received a gift from Okawaru
 12223 | Lair:4   | Reached ****** piety under Okawaru
 12494 | Lair:4   | Found a runed translucent door.
 12870 | Lair:4   | Noticed a four-headed hydra
 12886 | Lair:5   | Entered Level 5 of the Lair of Beasts
 12889 | Lair:5   | Noticed a dire elephant
 12889 | Lair:5   | Noticed a dire elephant
 12988 | Lair:5   | Noticed a death yak
 12998 | Lair:5   | Killed a death yak
 13004 | Lair:5   | Found a corrupted altar of Lugonu.
 13355 | Lair:5   | Found a one-way gate to the infinite horrors of the Abyss.
 13370 | Lair:5   | Gained mutation: Your demonic aura causes all spilled blood
                  | to erupt in flames. [demonic ancestry]
 13370 | Lair:5   | Reached XP level 13. HP: 105/108 MP: 17/17
 13407 | Lair:5   | Found a staircase to the Slime Pits.
 13429 | Lair:5   | Found a viscous altar of Jiyva.
 13456 | Lair:5   | Received a gift from Okawaru
 13521 | Lair:5   | Received a gift from Okawaru
 13559 | Lair:5   | Identified the -2 pair of boots of Leapfrog {Int+2}
                  | (Okawaru gifted it to you on level 5 of the Lair of Beasts)
 13559 | Lair:5   | Received a gift from Okawaru
 14369 | Lair:5   | Identified the amulet of Foelica {rC- Regen+ Dex+7}
 14420 | Lair:5   | Killed a dire elephant
 14424 | Lair:5   | Killed a dire elephant
 14630 | Lair:5   | Reached skill level 10 in Fighting
 15014 | D:9      | Found Deziquhud's Antique Armour Boutique.
 15070 | D:9      | Noticed an angel
 15544 | D:9      | Found Vyiqos's Magic Scroll Shoppe.
 15663 | D:10     | Entered Level 10 of the Dungeon
 15668 | D:10     | Received a gift from Okawaru
 15806 | D:10     | Found a staircase to the Orcish Mines.
 15820 | D:10     | Received a gift from Okawaru
 15831 | D:10     | Found the +5 Force Lance {heavy, knockback}
 15948 | D:10     | Found a shadowy altar of Dithmenos.
 16316 | D:10     | Gained mutation: You are mostly covered in sharp spines.
                  | [demonic ancestry]
 16316 | D:10     | Reached XP level 14. HP: 117/117 MP: 18/18
 16336 | D:10     | Reached skill level 11 in Unarmed Combat
 16339 | D:10     | Noticed Josephine
 16345 | D:10     | Killed Josephine
 16457 | Orc:1    | Entered Level 1 of the Orcish Mines
 16457 | Orc:1    | Found Jaud Zuado's Armour Shop.
 16899 | Orc:2    | Entered Level 2 of the Orcish Mines
 17534 | Orc:2    | Found a staircase to the Elven Halls.
 17555 | Orc:2    | Found Wuetzuar's General Store.
 17555 | Orc:2    | Found Laoxogge's Antique Weapon Boutique.
 17557 | Orc:2    | Found Pihuntydd's General Store.
 17559 | Orc:2    | Found Delleok's Assorted Antiques.
 18854 | D:12     | Received a gift from Okawaru
 18900 | D:12     | Identified the +9 hand crossbow of War {elec, rCorr Dex+3
                  | Stlth+} (Okawaru gifted it to you on level 12 of the
                  | Dungeon)
 18900 | D:12     | Received a gift from Okawaru
 18940 | D:12     | Found a frozen archway.
 18976 | IceCv    | Entered an ice cave
 19000 | IceCv    | Reached skill level 10 in Armour
 19109 | IceCv    | Noticed a quicksilver ooze
 19121 | IceCv    | Killed a quicksilver ooze
 19122 | IceCv    | Reached skill level 12 in Unarmed Combat
 19237 | IceCv    | Noticed a quicksilver ooze
 19243 | IceCv    | Killed a quicksilver ooze
 19404 | IceCv    | Found a viscous altar of Jiyva.
 19404 | IceCv    | Noticed an azure jelly
 19421 | IceCv    | Killed an azure jelly
 19455 | IceCv    | Identified the ring "Naips" {*Slow MP+9 Str+7 Dex-3 Stlth+}
 19878 | D:12     | Noticed Snorg
 19888 | D:12     | Killed Snorg
 20214 | D:12     | Received a gift from Okawaru
 20980 | D:13     | Identified the +1 robe of Impressiveness {rN+ Dex-4
                  | Archmagi} (Okawaru gifted it to you on level 13 of the
                  | Dungeon)
 20980 | D:13     | Received a gift from Okawaru
 20981 | D:13     | Reached XP level 15. HP: 78/127 MP: 19/19
 21140 | D:9      | Bought a scroll of enchant armour for 90 gold pieces
 21140 | D:9      | Bought a scroll of blinking for 90 gold pieces
 21491 | D:13     | Reached skill level 10 in Throwing
 21528 | D:13     | Found a gate to the Vaults.
 21915 | D:14     | Reached skill level 10 in Dodging
 22009 | D:14     | Found a hide-covered altar of Uskayaw.
 22308 | D:14     | Noticed a sphinx
 22308 | D:14     | Noticed a fire giant
 22324 | D:14     | Killed a fire giant
 22347 | D:14     | Paralysed by a sphinx for 4 turns
 22355 | D:14     | Killed a sphinx
 22461 | D:14     | Reached skill level 13 in Unarmed Combat
 22706 | D:15     | Entered Level 15 of the Dungeon
 22875 | D:15     | Noticed a fire giant
 23022 | D:15     | Noticed Kirke
 23027 | D:15     | Killed Kirke
 23169 | D:15     | Killed a fire giant
 23172 | D:15     | Received a gift from Okawaru
 23455 | D:15     | Found a staircase to the Depths.
 23460 | D:15     | Received a gift from Okawaru
 24219 | Snake:1  | Entered Level 1 of the Snake Pit
 24375 | Snake:1  | Noticed Aizul
 24384 | Snake:1  | Killed Aizul
 24384 | Snake:1  | Received a gift from Okawaru
 24419 | Snake:1  | Reached skill level 14 in Unarmed Combat
 24419 | Snake:1  | Reached XP level 16. HP: 135/135 MP: 20/20
 24701 | Snake:1  | Found Qisch's Jewellery Shoppe.
 24708 | Snake:1  | Reached XP level 17. HP: 126/143 MP: 16/21
 24850 | Snake:1  | Bought an amulet of reflection for 420 gold pieces
 25941 | Snake:2  | Received a gift from Okawaru
 26001 | Snake:2  | HP: 6/144 [poisoned by a naga mage (bolt of poison)]
 26265 | Snake:3  | Found Pud Eng's Antique Armour Shop.
 26320 | Snake:3  | Found Bimefrus's Book Shoppe.
 26347 | Snake:3  | Found Unegiesa's Assorted Antiques.
 26403 | Snake:3  | Found a flickering gateway to a bazaar.
 26411 | Bazaar   | Entered a bazaar
 26411 | Bazaar   | Found Faked's Distillery.
 26411 | Bazaar   | Found Regesof's Antique Weapon Shop.
 26453 | Bazaar   | Found Juigoev's Antique Armour Shop.
 26461 | Bazaar   | Bought an embroidered scarf for 224 gold pieces
 26474 | Bazaar   | Bought a potion of might for 40 gold pieces
 26474 | Bazaar   | Bought a potion of heal wounds for 50 gold pieces
 26474 | Bazaar   | Bought a potion of haste for 100 gold pieces
 26663 | Snake:3  | Bought a scroll of enchant armour for 240 gold pieces
 26843 | Snake:3  | Found Ponuilur's Armour Shoppe.
 26949 | Snake:3  | Bought an embroidered cloak for 277 gold pieces
 26949 | Snake:3  | Bought a glowing scarf for 296 gold pieces
 27547 | Snake:4  | Entered Level 4 of the Snake Pit
 27598 | Snake:4  | Found Usarphaw's Magic Scroll Emporium.
 27618 | Snake:4  | Received a gift from Okawaru
 27628 | Snake:4  | Bought a scroll of enchant armour for 127 gold pieces
 27770 | Snake:4  | Reached skill level 15 in Unarmed Combat
 28446 | Snake:4  | Identified the +5 ring mail of the Servitors {rPois Int+3}
                  | (Okawaru gifted it to you on level 4 of the Snake Pit)
 28446 | Snake:4  | Received a gift from Okawaru
 28495 | Snake:4  | Got a serpentine rune of Zot
 28625 | Snake:4  | Reached XP level 18. HP: 144/153 MP: 22/22
 28903 | Shoals:1 | Entered Level 1 of the Shoals
 29331 | Shoals:1 | Noticed Jorgrun
 29351 | Shoals:1 | Killed Jorgrun
 29413 | Abyss:3  | Cast into level 3 of the Abyss (merfolk impaler)
 29531 | Abyss:3  | Found a corrupted altar of Lugonu.
 29545 | Abyss:3  | Reached skill level 16 in Unarmed Combat
 29628 | Abyss:3  | Noticed a bone dragon
 29654 | Abyss:3  | Killed a bone dragon
 29743 | Shoals:1 | Escaped the Abyss
 30003 | Shoals:1 | Found a runed translucent gate.
 30003 | Shoals:1 | Found a runed translucent gate.
 30003 | Shoals:1 | Found a runed translucent gate.
 30003 | Shoals:1 | Noticed raph's ghost (adept GrEE)
 30332 | Shoals:2 | Identified the +6 flail of Xuvillon {freeze, Fragile rC+
                  | MP+9}
 30419 | Shoals:2 | Noticed Ilsuiw
 30455 | Shoals:2 | Killed Ilsuiw
 30629 | Shoals:2 | Noticed Louise
 30640 | Shoals:2 | Killed Louise
 30640 | Shoals:2 | Received a gift from Okawaru
 30737 | Shoals:2 | Noticed Polyphemus
 30757 | Shoals:2 | Killed Polyphemus
 31160 | Shoals:3 | Received a gift from Okawaru
 31243 | Shoals:3 | Identified the +10 sling "Fevush" {freeze, Contam rElec
                  | rN+++ Will+ Dex+5}
 31441 | Shoals:3 | Identified the +0 scale mail "Hocaoppi" {Str+4 Dex+4}
 31768 | Shoals:4 | Entered Level 4 of the Shoals
 32218 | Shoals:4 | Received a gift from Okawaru
 32497 | Shoals:4 | Gained mutation: Your touch may irresistibly damage your
                  | foes and sap their willpower. [demonic ancestry]
 32497 | Shoals:4 | Reached XP level 19. HP: 117/162 MP: 24/24
 32634 | Shoals:4 | Got a barnacled rune of Zot
 33337 | Elf:1    | Entered Level 1 of the Elven Halls
 33350 | Elf:1    | Received a gift from Okawaru
 33351 | Elf:1    | Reached skill level 17 in Unarmed Combat
 33460 | Elf:1    | Paralysed by an air elemental for 1 turns
 33627 | Elf:1    | Found Vyapsots's Jewellery Shop.
 34009 | Elf:1    | Found Biloptu's Neck Hole.
 34024 | Elf:1    | Bought a +2 cloak of willpower for 322 gold pieces
 34363 | Elf:2    | Found a crumbling gateway.
 34392 | Desolati | Entered the Desolation of Salt
 34411 | Desolati | Identified the +5 battleaxe of Useo {flame, rPois rF- rC+
                  | Int+3} (Okawaru gifted it to you in the Desolation of Salt)
 34411 | Desolati | Received a gift from Okawaru
 34416 | Desolati | Found the +6 lightning scales {swift, rElec}
 34464 | Desolati | Identified the ring of the Solemn Grape {Str+3 Slay+4}
 35749 | Elf:2    | Found a huge runed translucent gate.
 35749 | Elf:2    | Found a huge runed translucent gate.
 35749 | Elf:2    | Found a huge runed translucent gate.
 35749 | Elf:2    | Found a huge runed translucent gate.
 35749 | Elf:2    | Found a huge runed translucent gate.
 36029 | Elf:3    | Entered Level 3 of the Elven Halls
 36215 | Elf:3    | Received a gift from Okawaru
 36256 | Elf:3    | Reached skill level 15 in Fighting
 36270 | Elf:3    | Reached XP level 20. HP: 61/173 MP: 27/27
 36333 | Elf:3    | Reached skill level 10 in Invocations
 36519 | Elf:3    | Gained mutation: Potions are less effective at restoring
                  | your health. [a neqoxec]
 36524 | Elf:3    | Reached skill level 18 in Unarmed Combat
 36525 | Elf:3    | Lost mutation: Potions are less effective at restoring your
                  | health. [potion of mutation]
 36525 | Elf:3    | Gained mutation: You are occasionally teleported next to
                  | monsters. [potion of mutation]
 36526 | Elf:3    | Lost mutation: You are occasionally teleported next to
                  | monsters. [potion of mutation]
 36526 | Elf:3    | Gained mutation: You occasionally shout uncontrollably at
                  | your foes. [potion of mutation]
 36526 | Elf:3    | Gained mutation: You occasionally lose the ability to read
                  | scrolls when taking damage. [potion of mutation]
 36526 | Elf:3    | Gained mutation: You are frail. (-10% HP) [potion of
                  | mutation]
 36526 | Elf:3    | Gained mutation: Your mind is acute. (Int +4, Str/Dex -1)
                  | [potion of mutation]
 36527 | Elf:3    | Lost mutation: Your mind is acute. (Int +4, Str/Dex -1)
                  | [potion of mutation]
 36527 | Elf:3    | Lost mutation: You are frail. (-10% HP) [potion of
                  | mutation]
 36527 | Elf:3    | Lost mutation: You occasionally shout uncontrollably at
                  | your foes. [potion of mutation]
 36527 | Elf:3    | Gained mutation: You have a pair of small antennae on your
                  | head. [potion of mutation]
 36527 | Elf:3    | Gained mutation: You are weak. (Str -2) [potion of
                  | mutation]
 36527 | Elf:3    | Gained mutation: You possess an exceptional clarity of
                  | mind. [potion of mutation]
 36528 | Elf:3    | Lost mutation: You occasionally lose the ability to read
                  | scrolls when taking damage. [potion of mutation]
 36528 | Elf:3    | Lost mutation: You are weak. (Str -2) [potion of mutation]
 36528 | Elf:3    | Gained mutation: You are somewhat resistant to further
                  | mutation. [potion of mutation]
 36776 | Elf:3    | Identified the +5 long sword "Ruwemopt" {heavy, Str+2}
 36776 | Elf:3    | Identified the amulet "Kehom" {Acrobat rF+ Regen+}
 36941 | Elf:3    | Found the +3 Elemental Staff {rElec rF+ rC+ AC+3}
 36946 | Elf:3    | Got the Directory of the Windy Blink Frog
 36948 | Elf:3    | Identified the +9 war axe of Tender Mercy {heavy, Will+
                  | Int-4 Dex+5}
 36960 | Elf:3    | Identified the +7 spear of Naoterit {drain, *Rage rElec
                  | rC++ Stlth+}
 37031 | Elf:3    | Identified the +4 shortbow "Roihisch" {flame, Fly rN+ MP-9
                  | Dex+3}
 37052 | Elf:3    | Identified the +11 chain mail of Iddegaox {rN+++ Str+2
                  | Dex-3 Stlth+}
 37054 | Elf:3    | Got the Papyrus of the Coals and the Oath
 37055 | Elf:3    | Identified the +1 cloak "Figeck" {Int+3 SInv}
 37057 | Elf:3    | Got the Handbook of the Wild Familiar
 38391 | Vaults:1 | Entered Level 1 of the Vaults
 38483 | Vaults:1 | Noticed Zenata
 38494 | Vaults:1 | Killed Zenata
 39723 | Vaults:2 | Found a staircase to the Crypt.
 39735 | Vaults:2 | Noticed a bone dragon
 39745 | Vaults:2 | Killed a bone dragon
 39885 | Vaults:2 | Received a gift from Okawaru
 40051 | Vaults:2 | Received a gift from Okawaru
 40071 | Vaults:2 | Reached skill level 19 in Unarmed Combat
 40071 | Vaults:2 | Gained mutation: Your hexes are more powerful. [demonic
                  | ancestry]
 40071 | Vaults:2 | Reached XP level 21. HP: 160/181 MP: 28/28
 40123 | Vaults:2 | Found Dianesur's Weapon Emporium.
 40130 | Vaults:2 | Received a gift from Okawaru
 40818 | Vaults:3 | Received a gift from Okawaru
 41244 | Vaults:3 | Received a gift from Okawaru
 41445 | Vaults:3 | Reached skill level 15 in Armour
 41898 | Vaults:3 | Identified the +10 quarterstaff "Niom Soe" {vamp, rF++
                  | Will+} (Okawaru gifted it to you on level 3 of the Vaults)
 41898 | Vaults:3 | Received a gift from Okawaru
 42303 | Vaults:4 | Found a flickering gateway to a bazaar.
 42316 | Bazaar   | Entered a bazaar
 42338 | Bazaar   | Found Syciz's Antique Weapon Emporium.
 42350 | Bazaar   | Found Zuyluz's Antique Weapon Shoppe.
 42365 | Bazaar   | Found Bosystree's Antique Armour Shoppe.
 42377 | Bazaar   | Found Guixopo's Antique Armour Emporium.
 42560 | Vaults:4 | Reached skill level 15 in Dodging
 42675 | Vaults:4 | Reached skill level 20 in Unarmed Combat
 42914 | Vaults:4 | Reached skill level 15 in Throwing
 43041 | Vaults:4 | Reached XP level 22. HP: 127/192 MP: 29/29
 43217 | Vaults:4 | Identified the +2 cloak of Insecurity {rC+} (Okawaru gifted
                  | it to you on level 4 of the Vaults)
 43217 | Vaults:4 | Received a gift from Okawaru
 43539 | Depths:1 | Entered Level 1 of the Depths
 44025 | Depths:1 | Found a stormy altar of Qazlal.
 44365 | Depths:1 | Found a gateway to Hell.
 45101 | Depths:2 | Found a one-way gate leading to the halls of Pandemonium.
 45415 | Depths:2 | Noticed a golden dragon
 45415 | Depths:2 | Found the +9 staff of Olgreb {rPois∞}
 45429 | Depths:2 | Killed a golden dragon
 45444 | Depths:2 | Identified the +2 short sword of Disintegration {venom,
                  | Will+ Stlth+}
 45458 | Depths:2 | Got the Notes on Topomancy and Ceraunoscopy
 45463 | Depths:2 | Got Sif Muna's Opusculum on Spatial Iniquitous Mysteries
 45477 | Depths:2 | Identified the +2 robe "Meovo" {rN+ Dex+2}
 45485 | Depths:2 | Identified the ring of the Tick {rElec MP+9 Int-3 Stlth+}
 45506 | Depths:2 | Identified the +0 helmet "Caw Fint" {*Corrode rF+ Str+2}
 45709 | Depths:3 | Received a gift from Okawaru
 45727 | Depths:3 | Paralysed by a floating eye for 2 turns
 45738 | Depths:3 | Reached skill level 10 in Evocations
 45836 | Depths:3 | Found a transporter.
 45942 | Depths:3 | Found a transporter.
 45995 | Depths:3 | Identified the +10 glaive of Oheept {heavy, rF+ Will+ MP+9}
                  | (Okawaru gifted it to you on level 3 of the Depths)
 45995 | Depths:3 | Received a gift from Okawaru
 46517 | Depths:3 | Found a one-way gateway to a ziggurat.
 46535 | Zig:1    | Entered Level 1 of a ziggurat
 46554 | Zig:2    | Entered Level 2 of a ziggurat
 46600 | Zig:3    | Entered Level 3 of a ziggurat
 46624 | Zig:3    | Identified the +4 sling "Giant's Demise" {drain, rC+ Dex+3}
 46631 | Zig:3    | Identified the +8 dagger of the Bedazzling Gods {protect,
                  | rElec Int+5 Stlth+}
 46641 | Zig:4    | Entered Level 4 of a ziggurat
 46931 | Depths:4 | Entered Level 4 of the Depths
 46949 | Depths:3 | Gained mutation: Your melee attacks may debilitate your
                  | foes. [demonic ancestry]
 46949 | Depths:3 | Reached XP level 23. HP: 153/201 MP: 30/30
 47032 | Depths:3 | Reached skill level 21 in Unarmed Combat
 47134 | Depths:4 | Received a gift from Okawaru
 47202 | Depths:4 | Found an iron altar of Okawaru.
 47234 | Depths:4 | Noticed Vv
 47256 | Depths:4 | Killed Vv
 47810 | Depths:4 | Found a gate to the Realm of Zot.
 48281 | D:5      | Bought a scroll of teleportation for 45 gold pieces
 48281 | D:5      | Bought a scroll of blinking for 112 gold pieces
 48281 | D:5      | Bought a scroll of fog for 60 gold pieces
 48413 | D:9      | Bought a scroll of immolation for 48 gold pieces
 48413 | D:9      | Bought a scroll of fog for 48 gold pieces
 48669 | Vaults:5 | Entered Level 5 of the Vaults
 49225 | Vaults:5 | Received a gift from Okawaru
 49440 | Vaults:5 | Identified the +1 pair of boots of the Evening Star {Str+4
                  | Dex+3 Stlth+} (Okawaru gifted it to you on level 5 of the
                  | Vaults)
 49440 | Vaults:5 | Received a gift from Okawaru
 49603 | Vaults:5 | Noticed a dread lich
 49687 | Vaults:4 | Killed a dread lich
 49987 | Vaults:5 | Identified the ring "Hybbou" {Drain rElec rF+ rN+ Slay+3}
 50209 | Vaults:5 | Identified the +4 scimitar "Imett" {flame, rElec Stlth+}
 50261 | Vaults:5 | Identified the +1 halberd "Eraurah" {flame, Str-2 Int+3
                  | Stlth+}
 50261 | Vaults:5 | Identified the ring of Cuid {+Blink rElec MP+9 Int-2}
 50269 | Vaults:5 | Reached XP level 24. HP: 210/210 MP: 28/30
 50270 | Vaults:5 | Found the +2 hat of the Bear Spirit {Spirit, Bear, *Rage
                  | Will++}
 50513 | Vaults:5 | Got a silver rune of Zot
 50758 | Vaults:5 | Identified the +0 scale mail "Urakump" {-Cast Regen+ Str+2
                  | Dex+3}
 50796 | Vaults:5 | Reached skill level 22 in Unarmed Combat
 51294 | Zot:1    | Entered Level 1 of the Realm of Zot
 51350 | Zot:1    | Received a gift from Okawaru
 51819 | Zot:1    | Found a runed translucent gate.
 51819 | Zot:1    | Found a runed translucent gate.
 51820 | Zot:1    | Found a runed translucent gate.
 51823 | Zot:1    | Noticed Mikey69's ghost (legendary DsBe)
 53240 | Zot:2    | Identified the scarf "Uzutun" {+Inv, rN++ rCorr Str+3
                  | Stlth+} (Okawaru gifted it to you on level 2 of the Realm
                  | of Zot)
 53240 | Zot:2    | Received a gift from Okawaru
 53946 | Zot:3    | Noticed an orb of fire
 53962 | Zot:3    | Killed an orb of fire
 54948 | Zot:3    | Noticed a Killer Klown
 54960 | Zot:3    | Killed a Killer Klown
 54976 | Zot:3    | Identified the +1 pair of boots "Esalodio" {Fly}
 55185 | Zot:4    | Noticed a Killer Klown
 55202 | Zot:4    | Killed a Killer Klown
 55311 | Zot:4    | Received a gift from Okawaru
 55564 | Zot:4    | Gained mutation: You are completely covered in sharp
                  | spines. [demonic ancestry]
 55564 | Zot:4    | Reached XP level 25. HP: 117/221 MP: 16/30
 56253 | Zot:5    | Entered Level 5 of the Realm of Zot
 56344 | Zot:5    | Noticed an ancient lich
 56349 | Zot:5    | Killed an ancient lich
 56500 | Zot:5    | Acquired 1225 gold pieces
 56679 | Zot:5    | Noticed an orb of fire
 56685 | Zot:5    | Killed an orb of fire
 56685 | Zot:5    | Received a gift from Okawaru
 56689 | Zot:5    | Noticed a Killer Klown
 56711 | Zot:5    | Killed a Killer Klown
 56766 | Zot:5    | Noticed an ancient lich
 56777 | Zot:5    | Killed an ancient lich
 56834 | Zot:5    | Noticed an orb of fire
 56843 | Zot:5    | Killed an orb of fire
 57122 | Zot:5    | Found the +4 dragonskin cloak
 57122 | Zot:5    | Noticed Tiamat
 57238 | Zot:5    | Killed Tiamat
 57358 | Zot:5    | Learned a level 1 spell: Apportation
 57370 | Zot:5    | Received a gift from Okawaru
 57371 | Zot:5    | Reached skill level 1 in Translocations
 57404 | Zot:5    | Got the Orb of Zot
 57495 | Zot:3    | Noticed Tadoisi the pandemonium lord
 57662 | D:15     | Identified the +5 scale mail of the Gusle {rElec rN+++
                  | Dex-2 SInv} (Okawaru gifted it to you on level 15 of the
                  | Dungeon)
 57662 | D:15     | Received a gift from Okawaru
 57861 | D:7      | Gained mutation: You are dopey. (Int -2) [a cacodemon]
 58069 | D:$      | Escaped with the Orb!

Illustrated notes

Levels and vault maps discovered:
D:1:      amcnicky_arrival_single_pillar, layout_basic, basic_ecumenical_altar
D:2:      layout_basic, hangedman_decor_push
D:3:      layout_basic, minmay_between, uniq_natasha
D:4:      layout_basic, bloody_makhleb, minmay_temple_entry_ruins,
          portal_sewer_entry_f, uniq_robin
D:5:      layout_loops_ring, fedhas_altar_4, serial_shops, nicolae_diamond_shop,
          chequers_hall_statues_wall_a
D:6:      minmay_skewed_foursquare, layout_rooms, mainiacjoe_overflow_brackets,
          dk_yredelemnul_ordeal, minmay_fire_ice_demons, uniq_crazy_yiuf_cottage
D:7:      layout_cave_pods
D:8:      layout_basic, led_sif_book, kiku_gazebo_garden_becter,
          david_lair_generic, serial_glass, glass_columns_a, glass_columns_c
D:9:      layout_irregular_city, zin_angel, serial_shops,
          nicolae_shop_overgrown_old_shop, nicolae_shop_rolled_up
D:10:     layout_loops_ring, grunt_dithmenos_smoke, david_orc_2, serial_ice,
          serial_ice_c, serial_ice_l, serial_ice_e, serial_ice_o, uniq_josephine
D:11:     cheibrodos_frozen_isle, layout_basic
D:12:     layout_stronghold, serial_ice, serial_ice_h, serial_ice_k,
          serial_ice_g, serial_ice_b, portal_ice_cave_entry_animals_and_master,
          uniq_snorg
D:13:     layout_cave_pods, david_vaults_5, wad_woods_river_04
D:14:     layout_stronghold, nicolae_uskayaw_en_pointe,
          nicolae_concentric_dashed_squares_wild, minmay_radiant
D:15:     hangedman_depths_entry_try_elsewhere_first, layout_basic,
          minmay_fractal_squares_gapless_7, uniq_kirke
Temple:   nicolae_temple_ecumenical_triangle
Lair:1:   layout_cave_pods, serial_rivers, chequers_serial_rivers_micro_e,
          chequers_serial_rivers_micro_b, chequers_serial_rivers_small_b,
          chequers_serial_rivers_room_b, chequers_serial_rivers_micro_b,
          chequers_serial_rivers_micro_e, serial_bayou_pond_e, uniq_sonja,
          uniq_joseph
Lair:2:   layout_small_grid, minmay_shoals_entry_centaurs
Lair:3:   layout_gridlike
Lair:4:   cheibrodos_magma_flow, layout_hall_layers,
          nicolae_volcano_entry_batcave, pf_torpor_hydra, serial_bayou_shore_a
Lair:5:   due_jungle_book, layout_small_grid, nicolae_slime_entry_field_trip,
          serial_forest, infiniplex_forest_diagonal,
          infiniplex_forest_clump_small, infiniplex_forest_clump_curved,
          infiniplex_forest_clump_C, infiniplex_forest_straight_2,
          infiniplex_forest_lined_3, mumra_transporter_accident,
          amcnicky_altar_lugonu_corruption, serial_bayou_shore_b
Shoals:1: cheibrodos_shoals_roost, layout_shoals, ebering_ghost_rock_garden,
          uniq_jorgrun
Shoals:2: layout_shoals, nzn_prometheus_bound, uniq_polyphemus, uniq_louise,
          uniq_ilsuiw
Shoals:3: layout_shoals, nicolae_shoals_spring_well_temple
Shoals:4: shoals_end_hellmonk_lost_city, serial_shops
Snake:1:  layout_misc_corridors, minmay_shop_star, grunt_megastairs_5,
          uniq_aizul
Snake:2:  cheibrodos_snake_ritualist_ritual, layout_grid_maze, st_stairs_14
Snake:3:  layout_chambers, serial_shops, bzr_entry_dummy, nicolae_stop_n_shop_1,
          shop, nicolae_shop_waterfront, nicolae_shop_peninsula
Snake:4:  johnstein_snake_rune_scales, layout_grid_shapes, serial_shops, shop,
          st_stairs_10
Orc:1:    layout_caves, serial_shops, shop, basic_altar
Orc:2:    st_orc_rangers, layout_diamond_mine
Elf:1:    layout_loops_ring, serial_shops, nicolae_shop_tiny_glass,
          nicolae_shop_sticking_my_neck_out
Elf:2:    elven_hall_of_blades_hangedman_alternative
          [nicolae_blade_entry_hurt_lockers], layout_onion_city,
          portal_desolation_entry_ruin, nicolae_elf_archery_training
Elf:3:    minmay_elf_hall_dome, layout_gridlike
Vaults:1: nicolae_vaults_storage_closets_3, v_misc_3, vaults_room_fancy_cross,
          nicolae_vaults_network_periphery, v_misc_1, ontoclasm_vaults_bender,
          v_alt_pattern_3, vaults_room_semicircle,
          vaults_standard_mumra_enter_the_diamond,
          nicolae_vaults_three_branches, nicolae_vaults_trapezoid_2,
          nicolae_vaults_ring_of_whatevers, layout_vaults_ring, uniq_zenata
Vaults:2: nicolae_vaults_network_star, hangedman_vaults_corner,
          hangedman_vaults_restitches, minmay_crypt_entry_nasty_monster,
          v_misc_29, nicolae_vaults_tetromino_T_2,
          nicolae_vaults_diagonal_hallway_6, v_misc_3,
          nicolae_vaults_trapezoid_3, layout_vaults_omnigrid, serial_shops, shop
Vaults:3: serial_ice_g, vaults_room_door_ring, v_misc_32, vaults_room_grid,
          v_misc_2, v_misc_25, nicolae_vaults_shock_wave,
          nicolae_vaults_more_shelving_2, v_misc_12, vaults_standard_mumra_x,
          nicolae_vaults_angled_halls, nicolae_vaults_storage_closets_1,
          nicolae_vaults_trapezoid_4, vaults_room_stairs_pillars,
          nicolae_vaults_double_plus_1, nicolae_vaults_tetromino_L_1,
          layout_vaults_omnicross
Vaults:4: vaults_dpeg_cross, v_pattern_3, v_misc_10, ontoclasm_vaults_shuriken,
          vaults_room_pool, nicolae_vaults_theta, vaults_room_door_hall,
          nicolae_vaults_crenellated_ambush, vaults_room_hallway,
          layout_vaults_big_room, serial_shops, bzr_in_the_mist
Vaults:5
Depths:1: layout_cave_shapes, grunt_hell_horde, grunt_qazlal_sundering,
          nicolae_triple_integral
Depths:2: gold_lair_mu, layout_cave_pools, pf_hell_entry_tar_river, abyss_entry,
          nrook_pool_corridor, grunt_pan_entry_in_and_out, serial_column_ruins,
          column_ruins_square_medium, column_ruins_grid_4, column_ruins_grid_1,
          column_ruins_grid_1, column_ruins_grid_1,
          column_ruins_open_small_water, column_ruins_columns_straight,
          minmay_misc_feat_hallway, grunt_decor_resistance,
          kennysheep_generic_room_2
Depths:3: minmay_glassy_protrusions, layout_gridlike, enter_ziggurat_a,
          dk_noncrumbling_2, nicolae_abyss_entry_one_way_or_another, hell_entry,
          chequers_jeans, drop_trap, nicolae_diode_stairs
Depths:4: evilmike_zot_entry_basic, layout_basic, rand_demon_pan_entry_3,
          okawaru_ov_weapons_minmay, hell_entry, hangedman_decor_growths,
          uniq_vv
Zot:1:    layout_basic, ebering_ghost_rock_garden
Zot:2:    layout_onion
Zot:3:    layout_misc_corridors, amethyst_zot_foddershock
Zot:4:    layout_cathedral_of_symmetry
Zot:5:    layout_misc_corridors, uniq_tiamat

Skill      XL: |  1  2  3  4  5  6  7  8  9 10 11 12 13 14 15 16 17 18 19 20 21 22 23 24 25 |
---------------+----------------------------------------------------------------------------+-----
Polearms       | 2 |  2.6
Unarmed Combat | 1 2 3 5 6 8 10 12 14 15 16 17 19 20 21 22 | 22.0
Invocations    | 1 4 6 7 9 10 | 10.0
Armour         | 3 4 5 7 8 9 10 11 12 13 14 15 16 17 18 | 18.0
Throwing       | 1 3 4 6 7 8 9 10 11 12 13 14 15 16 17 | 17.7
Evocations     | 1 3 5 6 8 9 10 11 13 14 | 14.0
Dodging        | 1 3 4 6 7 8 9 10 11 12 13 14 15 16 17 | 17.7
Fighting       | 4 6 7 9 10 11 12 13 14 15 16 17 18 19 | 19.5
Translocations | 4 |  4.6
Shields        | |  2.6

Action                     |  1- 3 |  4- 6 |  7- 9 | 10-12 | 13-15 | 16-18 | 19-21 | 22-24 | 25-27 || total
---------------------------+-------+-------+-------+-------+-------+-------+-------+-------+-------++-------
  Melee: Trident           |    20 |       |       |       |       |       |       |       |       ||    20
         Unarmed           |   122 |   140 |   301 |   456 |  1122 |   981 |  1286 |  1468 |   208 ||  6084
         Touch             |    17 |    24 |    51 |   116 |   292 |   189 |   290 |   333 |    39 ||  1351
         Punch             |     2 |     1 |    20 |    41 |   118 |   134 |   216 |   310 |    44 ||   886
  Throw: Boomerang         |       |       |       |       |    18 |       |       |       |       ||    18
         Javelin           |       |       |       |       |       |    26 |    22 |    25 |    45 ||   118
         Throwing net      |       |       |       |       |       |     1 |     1 |       |     2 ||     4
 Invoke: Heroism           |       |       |     2 |     8 |    19 |    25 |    27 |    13 |     7 ||   101
         Finesse           |       |       |       |       |       |     2 |       |     1 |     1 ||     4
  Evoke: Lightning rod     |       |       |       |     1 |     5 |       |     3 |     3 |       ||    12
         Wand              |       |       |       |     5 |     2 |     2 |       |       |     5 ||    14
    Use: Scroll            |       |     1 |     8 |     9 |    17 |     7 |     8 |     8 |     3 ||    61
         Potion            |       |     1 |     1 |     2 |     4 |     8 |     5 |     3 |     5 ||    29
   Stab: Sleeping          |       |       |       |       |     1 |       |       |       |       ||     1
         Petrified         |       |       |       |       |       |     3 |       |       |       ||     3
 Armour: Scale mail        |    77 |   101 |   187 |   230 |   305 |       |       |       |       ||   900
         Plate armour      |       |       |       |       |    46 |       |       |       |       ||    46
         Gold dragon scale |       |       |       |       |   201 |   712 |   668 |  1031 |   100 ||  2712
  Dodge: Dodged            |    83 |    91 |   146 |   202 |   641 |   368 |   526 |   867 |    89 ||  3013
  Block: Buckler           |     1 |       |       |       |       |       |       |       |       ||     1
         Other             |       |       |       |       |       |   171 |    79 |       |       ||   250
         Reflection        |       |       |       |       |       |    19 |    13 |       |       ||    32
